 Dungeon Crawl Stone Soup version 0.29-a0-371-g91724d5b39 (webtiles) character file.

Game seed: 12878637352482683294

54 Bruhh the Magician (level 4, 31/31 HPs)
             Began as a Djinni Earth Elementalist on May 3, 2022.
             Was a Believer of Lugonu.
             Quit the game on level 2 of the Dungeon.
             The game lasted 00:02:11 (2033 turns).

Bruhh the Magician (Djinni Earth Elementalist)      Turns: 2033, Time: 00:02:12

Health: 31/31      AC:  2    Str:  7    XL:     4   Next: 12%
Gold:   69         EV: 12    Int: 19    God:    Lugonu [**....] SH:  0 Dex: 13

rFire   + + .      SeeInvis .   c - +2 short sword (vamp)
rCold   x . .      Faith    +   (no shield)
rNeg    . . .      Spirit   .   b - +0 robe
rPois   ∞          Reflect  .   (no helmet)
rElec   .          Harm     .   (no cloak)
rCorr   .          Rampage  .   (no gloves)
Will    .....                   (boots unavailable)
Stlth   ++........              m - amulet of faith
HPRegen 0.10/turn               (no ring)
MPRegen 0.00/turn               (no ring)

@: flying
A: sickness immunity, fire resistance 2, cold vulnerability 1, float, innate
caster, HP casting, extra vitality 1
a: Renounce Religion, Depart the Abyss, Bend Space


You were on level 2 of the Dungeon.
You worshipped Lugonu.
Lugonu was pleased with you.
You visited 1 branch of the dungeon, and saw 2 of its levels.

You collected 69 gold pieces.

Inventory:

Hand Weapons
 c - a +2 vampiric short sword (weapon)
Missiles
 a - 78 stones
Armour
 b - a +0 robe (worn)
Jewellery
 m - an amulet of faith (around neck)
 n - a ring of fire
Scrolls
 e - a scroll of vulnerability {unknown}
 f - 2 scrolls of identify {unknown}
 g - a scroll of fear {unknown}
 i - a scroll of magic mapping {unknown}
 j - a scroll of immolation {unknown}
 p - 2 scrolls of teleportation {unknown}
Potions
 d - a potion of magic {unknown}
 h - a potion of curing {unknown}
 k - a potion of heal wounds {unknown}
 l - a potion of cancellation {unknown}
 o - 2 potions of brilliance {unknown}


   Skills:
 + Level 0.4 Fighting
 + Level 0.3 Short Blades
 - Level 2.2 Dodging
 - Level 1.5 Stealth
 + Level 3.5 Spellcasting


You couldn't memorise any spells.
You knew the following spells:

 Your Spells              Type           Power      Damage    Failure   Level
a - Sandblast             Erth           32%        2d9       3%          1
b - Passwall              Tmut/Erth      13%        N/A       4%          2
c - Stone Arrow           Conj/Erth      32%        3d9       10%         3
d - Petrify               Tmut/Erth      16%        N/A       32%         4
e - Apportation           Tloc           32%        N/A       3%          1
Your spell library was empty.

Dungeon Overview and Level Annotations

Branches:
Dungeon (2/15)

Altars:
Lugonu


Innate Abilities, Weirdness & Mutations

You are immune to sickness and miasma.
You are immune to poison.
Your flesh is very heat resistant. (rF++)
You are vulnerable to cold. (rC-)
You float through the air rather than walking.
You learn spells naturally, not from books.
Your magical power is your life essence.
You have superior vitality. (+4 MHP)


Message History

You reach down and open the door.
An endoplasm comes into view.
An endoplasm is nearby!
An endoplasm is nearby!
An endoplasm is nearby!
There is an open door here.
The blast of sand hits the endoplasm!
You kill the endoplasm!
Lugonu accepts your kill.
You can't see any susceptible monsters within range! (Use Z to cast anyway.)
You reach down and open the door.
There is an open door here.
There is a stone staircase leading up here.
Key pressed, stopping explore.
A hobgoblin comes into view.
The hobgoblin shouts!
A hobgoblin is nearby!
A hobgoblin is nearby!
A hobgoblin is nearby!
A hobgoblin is nearby!
The blast of sand misses the hobgoblin.
The blast of sand misses the hobgoblin.
The hobgoblin misses you.
A hobgoblin is nearby!
A hobgoblin is nearby!
A hobgoblin is nearby!
A hobgoblin is nearby!
The blast of sand hits the hobgoblin.
The hobgoblin is severely wounded.
The hobgoblin completely misses you.
A hobgoblin is nearby!
A hobgoblin is nearby!
A hobgoblin is nearby!
The blast of sand hits the hobgoblin.
You kill the hobgoblin!
Lugonu accepts your kill.
Found a stone staircase leading up.
Done exploring.
Done exploring.
Done exploring.
Are you sure you want to abandon this character and quit the game? (Confirm with "yes".)

#.####............
#.# #............
#.# ##...........
#.# #........##.
#.# ##.......#..
#.# #.......#..
#.# #...###.#..
####.# #..........
#.<.@# #...#......
####.# ###.#####..
### #<.......
######### # # #


There were no monsters in sight!

Vanquished Creatures
  3 adders (D:2)
  3 endoplasms
  A giant cockroach (D:2)
  A goblin (D:2)
  5 hobgoblins
  3 kobolds
  A quokka (D:2)
  4 ball pythons
  2 bats (D:1)
  2 frilled lizards (D:1)
  3 rats (D:2)
28 creatures vanquished.

Notes
Turn   | Place    | Note
-------+----------+-------------------------------------------
     0 | D:1      | Bruhh the Djinni Earth Elementalist began the quest for the
                  | Orb.
     0 | D:1      | Reached XP level 1. HP: 15/15 MP: 0/0
   268 | D:1      | Reached XP level 2. HP: 14/21 MP: 0/0
   741 | D:1      | Reached skill level 3 in Spellcasting
  1236 | D:2      | Reached XP level 3. HP: 24/25 MP: 0/0
  1236 | D:2      | Learned a level 1 spell: Apportation
  1570 | D:2      | Reached XP level 4. HP: 29/31 MP: 0/0
  1625 | D:2      | Found a faded altar of an unknown god.
  1634 | D:2      | Prayed at the altar of an unknown god.
  1634 | D:2      | Became a worshipper of Lugonu the Unformed
  1634 | D:2      | Reached * piety under Lugonu
  1634 | D:2      | Reached ** piety under Lugonu
  2033 | D:2      | Quit the game

Illustrated notes

Levels and vault maps discovered:
D:1:      mrwooster_arrival_statue, layout_loops_ring
D:2:      layout_basic, shapermc_ecumenical_altar_pompeii

Skill      XL: |  1  2 |
---------------+-------+-----
Spellcasting   | 3 |  3.5
Fighting       | |  0.4
Short Blades   | |  0.3
Dodging        | |  2.2
Stealth        | |  1.5

Action                   |  1- 3 |  4- 6 || total
-------------------------+-------+-------++-------
Melee: Short sword       |    20 |       ||    20
       Unarmed           |     1 |       ||     1
       Punch             |     1 |       ||     1
 Cast: Sandblast         |    19 |     8 ||    27
Armor: Robe              |     6 |       ||     6
Dodge: Dodged            |    11 |     2 ||    13

Table legend: (Time is in decaauts)
 A = Elapsed time spent in this place.
 B = Non-inter-level travel time spent in this place.
 C = Inter-level travel time spent in this place.
 D = Time resting spent in this place.
 E = Time spent auto-exploring this place.
 F = Levels seen in this place.
 G = Mean time per level.
                   A        B        C        D        E       F      G
               +--------+--------+--------+--------+--------+-----+--------+
         Total |   2034 |   1989 |     45 |      0 |   1801 |   2 | 1017.0 |
       Dungeon |   2034 |   1989 |     45 |      0 |   1801 |   2 | 1017.0 |
               +--------+--------+--------+--------+--------+-----+--------+

Top non-repeatable levels by time:
     D:1: 1124 daAuts
     D:2: 909 daAuts
